 Dungeon Crawl Stone Soup version 0.28-a0-589-g333b8329f1 (webtiles) character file.

Game seed: 6518644464059614142

1246 pokeman the Thaumaturge (level 8, -5/44 HPs)
             Began as a Deep Elf Hedge Wizard on Oct 2, 2021.
             Engulfed by a cloud of flame (29 damage)
             ... on level 6 of the Dungeon on Oct 3, 2021.
             The game lasted 00:16:00 (7380 turns).

pokeman the Thaumaturge (Deep Elf Hedge Wizard)     Turns: 7380, Time: 00:16:00

Health: -5/44      AC:  8    Str:  7    XL:     8   Next: 25%
Magic:  19/32      EV: 13    Int: 22    God:
Gold:   186        SH:  0    Dex: 20    Spells: 14/25 levels left

rFire   . . .      SeeInvis .   c - +4 hand axe
rCold   . . .      Faith    .   (no shield)
rNeg    . . .      Spirit   .   h - +0 leather armour
rPois   .          Reflect  .   q - +0 helmet
rElec   .          Harm     .   o - +2 cloak
rCorr   .          Rampage  .   (no gloves)
Will    .....                   n - +0 pair of boots
Stlth   +.........              (no amulet)
HPRegen 0.14/turn               t - +6 ring of dexterity
MPRegen 0.23/turn               z - ring of magical power

@: confused
A: no striking features
a: no special abilities


You were on level 6 of the Dungeon.
You visited 1 branch of the dungeon, and saw 6 of its levels.

You collected 186 gold pieces.

Inventory:

Hand Weapons
 c - a +4 hand axe (weapon)
 g - a +0 hand crossbow
Missiles
 e - 30 arrows
Armour
 h - a +0 leather armour (worn)
 n - a +0 pair of boots (worn)
 o - a +2 cloak (worn)
 q - a +0 helmet (worn)
 A - the +1 ring mail "Vuimei Zust" {rF+ MP+9}
   (You found it on level 5 of the Dungeon)

   rF:        It protects you from fire.
   MP:        It affects your magic capacity (+9).
Jewellery
 j - a ring of willpower
 l - a +4 ring of evasion
 r - a ring of protection from cold
 t - a +6 ring of dexterity (left hand)
 z - a ring of magical power (right hand)
Wands
 u - a wand of flame (21)
Scrolls
 a - a scroll of immolation {unknown}
 d - 3 scrolls of enchant weapon {unknown}
 m - 6 scrolls of teleportation {unknown}
 v - a scroll of amnesia {unknown}
 y - a scroll of summoning {unknown}
 B - a scroll of holy word {unknown}
 C - a scroll of identify {unknown}
Potions
 b - a potion of mutation {unknown}
 f - a potion of attraction {unknown}
 i - 3 potions of lignification {unknown}
 k - 2 potions of curing {unknown}
 p - 2 potions of brilliance {unknown}
 s - a potion of berserk rage {unknown}
 w - 2 potions of degeneration {unknown}
 x - 2 potions of invisibility


   Skills:
 - Level 2.1 Fighting
 + Level 1.9 Armour
 - Level 3.1 Dodging
 - Level 3.2 Stealth
 * Level 9.3 Spellcasting
 + Level 4.8 Conjurations
 + Level 2.9 Summonings
 - Level 1.1 Translocations
 - Level 2.2 Fire Magic
 - Level 1.0 Air Magic
 - Level 1.3 Poison Magic
 - Level 1.2 Evocations


You had 14 spell levels left.
You knew the following spells:

 Your Spells              Type           Power      Damage    Failure   Level
a - Magic Dart            Conj           100%       1d8       1%          1
b - Mephitic Cloud        Conj/Pois/Air  20%        N/A       11%         3
c - Call Imp              Summ           23%        N/A       4%          2
d - Blink                 Tloc           N/A        N/A       9%          2
e - Conjure Flame         Conj/Fire      25%        6-21      7%          3

Your spell library contained the following spells:

 Spells                   Type           Power      Damage    Failure   Level
 Slow                     Hex            10%        N/A       14%         2
 Ozocubu's Armour         Ice            10%        N/A       28%         3
 Ozocubu's Refrigeration  Ice            5%         4d6       100%        7


Dungeon Overview and Level Annotations

Branches:
Dungeon (6/15)             Temple (0/1) D:4

Altars:
Trog
Wu Jian

Annotations:
D:6 Sigmund


Message History

The magic dart hits the orc.
You kill the orc!
Casting: Magic Dart (safe; 1% risk of failure)
Confirm with . or Enter, or press ? or * to list all spells.
Aiming: Magic Dart (safe; 1% risk of failure)
Press: ? - help, Shift-Dir - straight line, f - orc warrior
Aim: an orc warrior, wielding a +0 flail and wearing a +0 plate armour (100% to hit)
The magic dart hits the orc warrior.
The orc warrior is lightly wounded.
Unknown command.
Casting: Magic Dart (safe; 1% risk of failure)
Confirm with . or Enter, or press ? or * to list all spells.
The fire begins to smoulder!
The fire ignites!
Things that are here:
a +0 dagger; a +0 robe; an orc corpse
Casting: Conjure Flame (dangerous; 7% risk of failure)
Confirm with . or Enter, or press ? or * to list all spells.
The fire begins to smoulder!
The orc warrior smothers the flame.
There is a stone staircase leading up here.
Casting: Conjure Flame (dangerous; 7% risk of failure)
Confirm with . or Enter, or press ? or * to list all spells.
Aiming: Mephitic Cloud (dangerous; 11% risk of failure)
Press: ? - help, Shift-Dir - straight line, f/p - orc warrior
Aim: an orc warrior, wielding a +0 flail and wearing a +0 plate armour (lightly wounded, chance to affect: 81%) That beam is likely to hit you.
Continue anyway?
The ball explodes into a vile cloud!
The stinking cloud engulfs the orc warrior but does no damage.
The orc warrior is lightly wounded.
The stinking cloud engulfs you but does no damage.
You are engulfed in noxious fumes.
You choke on the stench!
You are confused.
The orc warrior is engulfed in noxious fumes.
The orc warrior appears confused.
Unknown command.
You are engulfed in blazing flames.
You're too confused to move!
You are engulfed in blazing flames.
Ouch! That really hurt!
You die...

#.......## #.......:#
#........# #.o..)...# #
......... .. #.....# #####
...#####.....#########...#
.........##...o.§○...)...#
...........)....@°...#####
..##.§§...)...######
######.....# #######


You could see an orc warrior (confused).

Vanquished Creatures
  A steam dragon (D:6)
  Edmund (D:5)
  A necrophage (D:4)
  An ogre (D:5)
  3 phantoms
  A gnoll sergeant (D:5)
  A scorpion (D:5)
  A wyvern zombie (D:3)
  A howler monkey (D:6)
  A hound (D:4)
  2 jellies
  2 orc priests
  3 orc wizards
  Robin (D:3)
  A howler monkey zombie (D:6)
  3 adders
  3 gnolls (D:5)
  A dart slug (D:2)
  18 orcs
  2 ball pythons
  4 endoplasms
  2 giant cockroaches (D:1)
  8 goblins
  10 hobgoblins
  5 quokkas
  6 bats
  2 frilled lizards
  4 kobolds
  5 rats
94 creatures vanquished.

Notes
Turn   | Place    | Note
-------+----------+-------------------------------------------
     0 | D:1      | pokeman the Deep Elf Hedge Wizard began the quest for the
                  | Orb.
     0 | D:1      | Reached XP level 1. HP: 10/10 MP: 7/7
   806 | D:1      | Reached XP level 2. HP: 15/15 MP: 6/9
  2001 | D:2      | Reached skill level 5 in Spellcasting
  2211 | D:3      | Found a faded altar of an unknown god.
  2276 | D:3      | Reached XP level 3. HP: 20/20 MP: 9/11
  2280 | D:3      | Learned a level 3 spell: Mephitic Cloud
  2283 | D:3      | Learned a level 2 spell: Call Imp
  2286 | D:3      | Learned a level 2 spell: Blink
  2290 | D:3      | Learned a level 3 spell: Conjure Flame
  2343 | D:3      | Noticed Robin
  2739 | D:3      | Killed Robin
  2740 | D:3      | Reached skill level 1 in Fighting
  2740 | D:3      | Reached skill level 1 in Armour
  3102 | D:3      | Reached XP level 4. HP: 25/25 MP: 5/13
  3255 | D:3      | Reached skill level 1 in Fire Magic
  3626 | D:3      | Reached skill level 6 in Spellcasting
  3626 | D:3      | Reached skill level 1 in Air Magic
  3626 | D:3      | Reached XP level 5. HP: 27/29 MP: 7/15
  4363 | D:4      | Noticed a necrophage
  4396 | D:4      | Killed a necrophage
  4397 | D:4      | Reached skill level 7 in Spellcasting
  4397 | D:4      | Reached skill level 1 in Poison Magic
  4397 | D:4      | Reached XP level 6. HP: 34/34 MP: 0/18
  4552 | D:4      | Found a staircase to the Ecumenical Temple.
  4622 | D:5      | Entered Level 5 of the Dungeon
  4954 | D:5      | Reached skill level 1 in Evocations
  4954 | D:5      | Reached XP level 7. HP: 38/38 MP: 10/20
  5270 | D:5      | Reached skill level 8 in Spellcasting
  5363 | D:5      | Found an ornate altar of the Wu Jian Council.
  5554 | D:5      | Found a bloodstained altar of Trog.
  5701 | D:5      | Identified the +1 ring mail "Vuimei Zust" {rF+ MP+9}
  5978 | D:6      | Noticed Sigmund
  6090 | D:5      | Upgraded the game from 0.28-a0-577-gb193047a1f to
                  | 0.28-a0-589-g333b8329f1
  6326 | D:6      | Noticed Edmund
  6344 | D:5      | Killed Edmund
  6407 | D:6      | Noticed a steam dragon
  6427 | D:6      | Killed a steam dragon
  6428 | D:6      | Reached XP level 8. HP: 10/44 MP: 19/22
  6693 | D:6      | Noticed a cyclops
  6980 | D:6      | Reached skill level 9 in Spellcasting
  7380 | D:6      | Engulfed by a cloud of flame

Illustrated notes

Levels and vault maps discovered:
D:1:      lordsloth_arrival_two_stooges, layout_basic
D:2:      layout_basic, minmay_tree_intersection
D:3:      layout_basic, hellmonk_ecumenical_altar_crossroads,
          serial_park_tiny_pond, uniq_robin
D:4:      layout_rooms, minmay_temple_entry_from_below_a, minmay_fountain_box
D:5:      layout_basic, nzn_wu_jian_contemplation, trog_hazing_becter
D:6:      cheibrodos_iron_armory, layout_cave_pods, kennysheep_mini_moat,
          nicolae_overflow_crystal_walls, uniq_edmund, uniq_sigmund

Skill      XL: |  1  2  3  4  5  6  7  8 |
---------------+-------------------------+-----
Spellcasting   | 5 6 7 8 9 |  9.3
Fighting       | 1 2 |  2.1
Armour         | 1 |  1.9
Conjurations   | 2 3 4 |  4.8
Fire Magic     | 1 2 |  2.2
Dodging        | 3 |  3.1
Air Magic      | 1 |  1.0
Stealth        | 3 |  3.2
Poison Magic   | 1 |  1.3
Evocations     | 1 |  1.2
Summonings     | 2 |  2.9
Translocations | |  1.1

Action                   |  1- 3 |  4- 6 |  7- 9 || total
-------------------------+-------+-------+-------++-------
Melee: Dagger            |    24 |       |       ||    24
       Hand axe          |       |    21 |    10 ||    31
 Cast: Magic Dart        |   120 |    47 |    77 ||   244
       Mephitic Cloud    |     1 |     7 |    14 ||    22
       Conjure Flame     |       |     5 |    12 ||    17
       Blink             |       |       |     6 ||     6
       Call Imp          |       |       |     1 ||     1
 Stab: Confused          |       |     1 |     2 ||     3
Armor: Robe              |     5 |       |       ||     5
       Leather armour    |     6 |     8 |    23 ||    37
Dodge: Dodged            |    49 |    17 |    44 ||   110

Table legend: (Time is in decaauts)
 A = Elapsed time spent in this place.
 B = Non-inter-level travel time spent in this place.
 C = Inter-level travel time spent in this place.
 D = Time resting spent in this place.
 E = Time spent auto-exploring this place.
 F = Levels seen in this place.
 G = Mean time per level.
                   A        B        C        D        E       F      G
               +--------+--------+--------+--------+--------+-----+--------+
         Total |   7396 |   7058 |    338 |   1501 |   4571 |   6 | 1232.7 |
       Dungeon |   7396 |   7058 |    338 |   1501 |   4571 |   6 | 1232.7 |
               +--------+--------+--------+--------+--------+-----+--------+

Top non-repeatable levels by time:
     D:5: 2539 daAuts
     D:3: 1491 daAuts
     D:1: 1319 daAuts
     D:2: 1203 daAuts
     D:4: 612 daAuts
     D:6: 230 daAuts
